 Seeded DCSS version 0.29-a0-495-g17b79114eb (webtiles) character file.

Game seed: 347721310492161241 (custom seed)

86 happo123 the Sneak (level 4, -3/25 HPs)
             Began as a Kobold Enchanter on May 27, 2022.
             Killed from afar by an orc wizard (9 damage)
             ... with a magic dart
             ... on level 4 of the Dungeon.
             The game lasted 00:08:13 (3327 turns).

happo123 the Sneak (Kobold Enchanter)               Turns: 3327, Time: 00:08:13

Health: -3/25      AC:  4    Str:  5    XL:     4   Next: 77%
Magic:  2/7        EV: 15    Int: 18    God:
Gold:   152        SH:  0    Dex: 15    Spells: 3/8 levels left

rFire   . . .      SeeInvis .   j - +0 dagger (protect)
rCold   . . .      Faith    .   (no shield)
rNeg    . . .      Spirit   .   b - +0 robe
rPois   +          Reflect  .   (no helmet)
rElec   .          Harm     .   (no cloak)
rCorr   .          Rampage  .   (no gloves)
Will    .....                   h - +1 pair of boots {Fly}
Stlth   ++++......              m - amulet of the acrobat
HPRegen 0.08/turn               t - ring of poison resistance
MPRegen 0.10/turn               (no ring)

@: flying
A: small, no large weapons, nightstalker 3
a: no special abilities


You were on level 4 of the Dungeon.
You visited 1 branch of the dungeon, and saw 4 of its levels.

You collected 152 gold pieces.

Inventory:

Hand Weapons
 a - a +1 dagger
 j - a +0 dagger of protection (weapon)
Armour
 b - a +0 robe (worn)
 h - a +1 pair of boots of flying (worn)
Jewellery
 m - an amulet of the acrobat (around neck)
 t - a ring of poison resistance (left hand)
Scrolls
 e - a scroll of silence {unknown}
 f - a scroll of immolation {unknown}
 g - 2 scrolls of enchant armour {unknown}
 i - a scroll of magic mapping {unknown}
 k - a scroll of brand weapon {unknown}
 l - a scroll of vulnerability {unknown}
 n - 2 scrolls of identify {unknown}
 o - a scroll of teleportation {unknown}
 p - a scroll of amnesia {unknown}
 r - 2 scrolls of acquirement {unknown}
Potions
 c - 2 potions of invisibility
 d - a potion of flight {unknown}
 q - a potion of mutation {unknown}
 s - a potion of might {unknown}
 u - a potion of curing {unknown}
 v - a potion of brilliance {unknown}


   Skills:
 + Level 1.4 Fighting
 + Level 2.3 Short Blades
 + Level 3.0 Dodging
 + Level 4.5 Stealth
 + Level 2.5 Spellcasting
 * Level 3.8 Hexes


You had 3 spell levels left.
You knew the following spells:

 Your Spells              Type           Power      Damage    Failure   Level
a - Ensorcelled Hibernat  Hex/Ice        18%        N/A       12%         2
b - Tukima's Dance        Hex            16%        N/A       11%         3

Your spell library contained the following spells:

 Spells                   Type           Power      Damage    Failure   Level
 Confusing Touch          Hex            16%        N/A       11%         3
 Dazzling Flash           Conj/Hex       18%        N/A       24%         3
 Portal Projectile        Hex/Tloc       18%        N/A       24%         3
 Call Canine Familiar     Summ           2%         N/A       45%         3
 Leda's Liquefaction      Hex/Erth       4%         N/A       61%         4


Dungeon Overview and Level Annotations

Branches:
Dungeon (4/15)
 Temple: D:4-7

Altars:
Kikubaaqudgha


Innate Abilities, Weirdness & Mutations

You are small and have problems with some larger weapons.
You are completely attuned to the shadows.


Message History

Things that are here:
a +0 dagger; 3 boomerangs; a +0 chain mail
Aiming: Ensorcelled Hibernation (safe; 12% risk of failure)
Press: ? - help, Q - select action Shift-Dir - straight line Nothing appears to happen.
Something hits you but does no damage.
You closely miss something. Something completely misses you.
You hit something but do no damage.
You hear some strange, mumbled words.
You are confused.
You bump into the rock wall.
You hear some strange, mumbled words.
A puff of flame appears from out of thin air!
The puff of flame hits you!
Ouch! That really hurt!
* * * LOW HITPOINT WARNING * * *
You miss something. Something barely misses you.
You bump into the rock wall.
Something hits you but does no damage.
You miss something. Something hits you but does no damage.
You hit something.
Your weapon exudes an aura of protection.
Something hits you but does no damage.
You hit something.
You hear some strange, mumbled words.
A magic dart appears from out of thin air!
The magic dart hits you.
* * * LOW HITPOINT WARNING * * *
You barely miss something. Something hits you but does no damage.
You bump into the rock wall.
You feel less confused.
You hear some strange, mumbled words.
A puff of flame appears from out of thin air!
The puff of flame misses you.
You barely miss something. Something hits you but does no damage.
You miss something. You barely miss something.
You hear some strange, mumbled words.
A magic dart appears from out of thin air!
The magic dart hits you!
You die...

...........#####
o.............?.
................ #
........###..... #.
................
#..#############.##.#
#.o{@................
#.##############..#.#
........ ###...<.
##...# #####


You could see an orc.

Vanquished Creatures
  3 adders
  5 worms
  An orc (D:4)
  4 ball pythons
  5 bats
  4 endoplasms
  3 giant cockroaches (D:1)
  3 hobgoblins
  6 frilled lizards
  3 goblins
  4 kobolds
  6 rats
47 creatures vanquished.

Vanquished Creatures (others)
  9 plants (D:2)
9 creatures vanquished.

Grand Total: 56 creatures vanquished

Notes
Turn   | Place    | Note
-------+----------+-------------------------------------------
     0 | D:1      | happo123 the Kobold Enchanter began the quest for the Orb.
     0 | D:1      | Reached XP level 1. HP: 10/10 MP: 3/3
   582 | D:1      | Reached XP level 2. HP: 16/16 MP: 5/5
   585 | D:1      | Learned a level 2 spell: Ensorcelled Hibernation
   688 | D:1      | Found a faded altar of an unknown god.
  1665 | D:2      | Reached XP level 3. HP: 20/20 MP: 6/6
  1669 | D:2      | Learned a level 3 spell: Tukima's Dance
  1818 | D:2      | Reached skill level 1 in Fighting
  2342 | D:2      | Reached XP level 4. HP: 25/25 MP: 7/7
  2536 | D:3      | Found an ancient bone altar of Kikubaaqudgha.
  3327 | D:4      | Killed from afar by an orc wizard

Illustrated notes

Levels and vault maps discovered:
D:1:      minmay_arrival_nine_rooms, layout_basic, basic_ecumenical_altar,
          minivault_24
D:2:      layout_loops_ring, serial_bayou_ford_a, nicolae_wormholes
D:3:      layout_basic, nicolae_overflow_crystal_walls
D:4:      layout_basic, nicolae_vehumet_radiance,
          minmay_temple_entry_statues_fountains, cheibrodos_sewer_entry_drain

Skill      XL: |  1  2  3  4 |
---------------+-------------+-----
Short Blades   | 2 |  2.3
Fighting       | 1 |  1.4
Dodging        | 3 |  3.0
Stealth        | |  4.5
Spellcasting   | |  2.5
Hexes          | |  3.8

Action                   |  1- 3 |  4- 6 || total
-------------------------+-------+-------++-------
Melee: Dagger            |    53 |    75 ||   128
 Cast: Ensorcelled Hiber |    14 |    10 ||    24
 Stab: Sleeping          |    19 |    11 ||    30
       Distracted        |     1 |       ||     1
Armor: Robe              |     9 |    21 ||    30
Dodge: Dodged            |    34 |    30 ||    64

Table legend: (Time is in decaauts)
 A = Elapsed time spent in this place.
 B = Non-inter-level travel time spent in this place.
 C = Inter-level travel time spent in this place.
 D = Time resting spent in this place.
 E = Time spent auto-exploring this place.
 F = Levels seen in this place.
 G = Mean time per level.
                   A        B        C        D        E       F      G
               +--------+--------+--------+--------+--------+-----+--------+
         Total |   3312 |   3191 |    121 |    334 |   2467 |   4 |  828.0 |
       Dungeon |   3312 |   3191 |    121 |    334 |   2467 |   4 |  828.0 |
               +--------+--------+--------+--------+--------+-----+--------+

Top non-repeatable levels by time:
     D:1: 1604 daAuts
     D:2: 874 daAuts
     D:3: 770 daAuts
     D:4: 62 daAuts
